 Dungeon Crawl Stone Soup version 0.27-a0-887-gcab673c142 (webtiles) character file.

Game seed: 9882626783362082351

310 shoop the Sneak (level 5, 0/45 HPs)
             Began as a Demigod Delver on Apr 3, 2021.
             Succumbed to an adder's poison
             ... on level 4 of the Dungeon.
             The game lasted 00:09:17 (4492 turns).

shoop the Sneak (Demigod Delver)                    Turns: 4492, Time: 00:09:18

Health: 0/45       AC:  4    Str: 13    XL:     5   Next: 95%
Magic:  10/10      EV: 12    Int: 16    God:
Gold:   158        SH:  0    Dex: 21    Spells: 5/8 levels left

rFire    + . .     SeeInvis .   a - +0 falchion
rCold    + . .     Faith    .   (no shield)
rNeg     . . .     Spirit   .   b - +0 leather armour
rPois    +         Reflect  .   j - +0 helmet
rElec    +         Harm     .   (no cloak)
rCorr    +         Rampage  .   (no gloves)
Will     .....                  (no boots)
Stlth    +++.......             h - amulet of the acrobat
HPRegen  0.15/turn              p - ring of wizardry
MPRegen  0.12/turn              v - +6 ring of dexterity

@: lethally poisoned (0 -> -12), resistant, attractive
A: high mp 1, forlorn
a: no special abilities


You were on level 4 of the Dungeon.
You visited 1 branch of the dungeon, and saw 5 of its levels.

You collected 158 gold pieces.

Inventory:

Hand Weapons
 a - a +0 falchion (weapon)
Missiles
 i - 10 poisoned darts (quivered)
 w - 8 javelins
Armour
 b - a +0 leather armour (worn)
 j - a +0 helmet (worn)
Magical Staves
 t - a staff of fire
Jewellery
 h - an amulet of the acrobat (around neck)
 p - a ring of wizardry (left hand)
 r - a ring of positive energy
 v - a +6 ring of dexterity (right hand)
Wands
 g - a wand of digging (3)
Scrolls
 c - 2 scrolls of fog
 d - 2 scrolls of magic mapping
 e - a scroll of fear
 k - a scroll of holy word {unknown}
 m - a scroll of enchant armour {unknown}
 o - 2 scrolls of identify {unknown}
 u - a scroll of silence {unknown}
Potions
 f - a potion of haste
 l - a potion of degeneration {unknown}
 n - a potion of might {unknown}


   Skills:
 - Level 3.0 Fighting
 - Level 2.0 Long Blades
 - Level 1.0 Throwing
 - Level 1.0 Armour
 - Level 2.0 Dodging
 - Level 5.0 Stealth
 - Level 2.0 Spellcasting
 + Level 3.8 Hexes


You had 5 spell levels left.
You knew the following spells:

 Your Spells              Type           Power      Damage    Failure   Level
a - Confusing Touch       Hex            13%        N/A       6%          3

Your spell library contained the following spells:

 Spells                   Type           Power      Damage    Failure   Level
 Corona                   Hex            14%        N/A       2%          1
 Cause Fear               Hex            6%         N/A       21%         4
 Gell's Gravitas          Tloc           0%         N/A       30%         3
 Petrify                  Tmut/Erth      1%         N/A       67%         4
 Metabolic Englaciation   Hex/Ice        3%         N/A       75%         5
 Summon Mana Viper        Hex/Summ       7%         N/A       75%         5
 Yara's Violent Unravell  Hex/Tmut       3%         3d4       75%         5


Dungeon Overview and Level Annotations

Branches:
Dungeon (5/15)             Temple (0/1) D:4

Annotations:
D:4 exclusions: 2 gnolls and quokka


Innate Abilities, Weirdness & Mutations

Your attributes grow dramatically as you level up.
You have an increased reservoir of magic. (+10% MP)
You shall have no god before yourself.


Message History

The adder poisons you!
You are too injured to fight recklessly!
You are too injured to fight recklessly!
You are too injured to fight recklessly!
You hit the adder.
The adder is heavily wounded.
You feel sick. The adder barely misses you.
You closely miss the adder.
The adder is heavily wounded.
You feel sick. The adder barely misses you.
You riposte.
You closely miss the adder.
The adder is heavily wounded.
The adder bites you.
You are more poisoned.
The adder poisons you!
You hit the adder but do no damage.
The adder is heavily wounded.
You feel sick.
The adder bites you but does no damage. x2
You barely miss the adder.
The adder is heavily wounded.
You feel sick. The adder bites you.
* * * LOW HITPOINT WARNING * * *
You are lethally poisoned!
The adder poisons you!
You hit the adder.
The adder is severely wounded.
* * * LOW HITPOINT WARNING * * *
You feel very sick. The adder misses you. The adder bites you.
* * * LOW HITPOINT WARNING * * *
You are more poisoned.
The adder poisons you!
It was a potion of attraction.
You feel attractive to monsters.
* * * LOW HITPOINT WARNING * * *
You feel very sick. The adder bites you but does no damage.
It was a potion of resistance.
You feel protected.
You die...

.≈≈≈..$.P..#
♣≈≈≈≈..$...#
≈≈≈≈≈≈.≈≈..#
≈≈≈≈≈≈≈≈≈?..#
......P≈≈≈≈≈≈≈≈..P.#
........≈≈≈≈≈≈≈≈...#
.....$...≈≈≈≈≈≈PS..#
.#.......≈≈≈≈≈..@..#
.#.....P.PP≈≈P.....#
.......P.PP....P..P#
................####
.!......#....#....###
..#.....>....##.....#
.g##....#.#...##....#
.. #.#....#.........##
.....#.#..#.....#....#


You could see an adder.

Vanquished Creatures
  A vampire bat (D:3)
  4 hounds
  An iguana (D:4)
  A gnoll (D:3)
  6 adders
  A worm (D:3)
  2 dart slugs (D:2)
  An orc (D:4)
  6 ball pythons
  3 bat skeletons (D:3)
  A bat zombie (D:3)
  3 endoplasms
  3 goblins
  2 hobgoblins (D:3)
  6 jackals
  A quokka (D:1)
  4 bats
  3 frilled lizards
  7 rats
56 creatures vanquished.

Notes
Turn   | Place    | Note
-------+----------+-------------------------------------------
     0 | D:5      | shoop the Demigod Delver began the quest for the Orb.
     0 | D:5      | Reached XP level 1. HP: 18/18 MP: 3/3
  1094 | D:2      | Reached XP level 2. HP: 25/25 MP: 4/4
  1234 | D:2      | Reached skill level 1 in Throwing
  1260 | D:2      | Reached skill level 5 in Stealth
  1260 | D:2      | Reached XP level 3. HP: 25/31 MP: 5/5
  1527 | D:2      | Reached skill level 1 in Armour
  1661 | D:3      | Noticed a phantom
  1953 | D:3      | Reached skill level 1 in Spellcasting
  1979 | D:2      | Learned a level 3 spell: Confusing Touch
  2166 | D:3      | Reached XP level 4. HP: 38/38 MP: 8/8
  2778 | D:4      | Reached skill level 1 in Hexes
  2864 | D:4      | Reached XP level 5. HP: 24/45 MP: 10/10
  3292 | D:4      | Found a staircase to the Ecumenical Temple.
  4147 | D:3      | Identified Urithrim's Catalogue of Enchantment
  4491 | D:4      | HP: 1/45 [poisoned by an adder]
  4492 | D:4      | Succumbed to an adder's poison

Illustrated notes

Levels and vault maps discovered:
D:1:      nzn_arrival_depleted_hourglass, layout_loops_corners
D:2:      layout_loops_cross, ebering_ecumenical_altar_mist, basic_altar
D:3:      layout_basic, kennysheep_vampire_church, minitemple,
          wad_floor_pattern_untrapped
D:4:      layout_cave_pools, minmay_temple_entry_ruins, guppyfry_early_lair_pool
D:5:      layout_loops_ring, nicolae_qazlal_general_emergency,
          grunt_temple_overflow_holy_war, gammafunk_ghost_mausoleum,
          minmay_pentangle, uniq_crazy_yiuf_cottage

Skill      XL: |  1  2  3  4  5 |
---------------+----------------+-----
Long Blades    | 2 |  2.0
Dodging        | 2 |  2.0
Fighting       | 3 |  3.0
Throwing       | 1 |  1.0
Stealth        | 5 |  5.0
Armour         | 1 |  1.0
Spellcasting   | 1 2 |  2.0
Hexes          | 2 3 |  3.8

Action                   |  1- 3 |  4- 6 || total
-------------------------+-------+-------++-------
Melee: Falchion          |    72 |   147 ||   219
Throw: Dart              |    14 |    16 ||    30
 Cast: Confusing Touch   |       |     2 ||     2
  Use: Potion            |       |     2 ||     2
 Stab: Sleeping          |     3 |     3 ||     6
       Distracted        |     1 |     1 ||     2
Armor: Leather armour    |    17 |    67 ||    84
Dodge: Dodged            |    53 |   131 ||   184
       Rpst.: Falchion   |    15 |    35 ||    50

Table legend: (Time is in decaauts)
 A = Elapsed time spent in this place.
 B = Non-inter-level travel time spent in this place.
 C = Inter-level travel time spent in this place.
 D = Time resting spent in this place.
 E = Time spent auto-exploring this place.
 F = Levels seen in this place.
 G = Mean time per level.
                   A        B        C        D        E       F      G
               +--------+--------+--------+--------+--------+-----+--------+
         Total |   4540 |   4417 |    123 |    725 |   2975 |   5 |  908.0 |
       Dungeon |   4540 |   4417 |    123 |    725 |   2975 |   5 |  908.0 |
               +--------+--------+--------+--------+--------+-----+--------+

Top non-repeatable levels by time:
     D:3: 1527 daAuts
     D:4: 1108 daAuts
     D:1: 946 daAuts
     D:2: 934 daAuts
     D:5: 24 daAuts
